 Dungeon Crawl Stone Soup version 0.30-a0-930-gb9d0489357 (webtiles) character file.

Game seed: 15955033528969712286

140 kae the Ruffian (level 5, -3/44 HPs)
             Began as a Naga Transmuter on Mar 23, 2023.
             Slain by Blork the orc
             ... wielding a +4 battleaxe
              (7 damage)
             ... on level 4 of the Dungeon.
             The game lasted 00:02:56 (3071 turns).

kae the Ruffian (Naga Transmuter)                   Turns: 3071, Time: 00:02:57

Health: -3/44      AC:  2    Str: 13    XL:     5   Next: 22%
Magic:  7/9        EV: 18    Int: 15    God:
Gold:   223        SH:  0    Dex: 16    Spells: 3/9 levels left

rFire   . . .      SeeInvis +      - Unarmed
rCold   . . .      Faith    .    (shield currently unavailable)
rNeg    . . .      Spirit   .    a - melded +1 robe
rPois   x          Reflect  .    (helmet currently unavailable)
rElec   .          Rampage  .    (cloak currently unavailable)
rCorr   .                        (gloves currently unavailable)
Will    .....                    (no barding)
Stlth   +                        (no amulet)
HPRegen 0.27/turn                (no ring)
MPRegen 0.11/turn                (no ring)

@: spider-form (expiring)
A: venomous fangs, AC +1, tiny, see invisible, (deformed body), (poison
resistance), (slowness 2), spit poison 1, (naga tail 1)
a: Spit Poison, End Transformation


You were on level 4 of the Dungeon.
You were a venomous arachnid creature.
You visited 1 branch of the dungeon, and saw 4 of its levels.

You collected 223 gold pieces.


Innate Abilities, Weirdness & Mutations

You are a venomous arachnid creature.
You have venomous fangs.
You are tiny and dextrous.
Your spellcasting is less reliable in this form.
Your armour is entirely melded.
You are incapable of wielding weapons or throwing items.
((Your serpentine skin is tough. (AC +1)))
You have supernaturally acute eyesight. (SInv)
((Armour fits poorly on your strangely shaped body.))
((Your system is resistant to poisons. (rPois)))
((You cover ground very slowly.))
You can spit poison.
((You have a snake-like lower body.))


   Skills:
 - Level 1.0 Fighting
 - Level 1.5 Dodging
 + Level 3.7 Unarmed Combat
 + Level 2.7 Spellcasting
 * Level 3.5 Transmutations
 * Level 2.6 Poison Magic


You had 3 spell levels left.
You knew the following spells:

 Your Spells              Type           Power      Damage    Failure   Level
a - Beastly Appendage     Tmut           24%        N/A       14%         1
b - Wereblood             Tmut           12%        N/A       19%         2
c - Spider Form           Tmut/Pois      11%        N/A       36%         3

Your spell library contained the following spells:

 Spells                   Type           Power      Damage    Failure   Level
 Sting                    Tmut/Pois      44%        1d5       17%         1
 Poisonous Vapours        Pois/Air       12%        N/A       38%         2
 Magic Dart               Conj           8%         1d3       41%         1
 Searing Ray              Conj           4%         2d4       52%         2
 Olgreb's Toxic Radiance  Pois           10%        N/A       77%         4
 Ice Form                 Ice/Tmut       7%         N/A       86%         4
 Fulminant Prism          Conj/Hex       1%         3d5       97%         4
 Yara's Violent Unravell  Hex/Tmut       3%         3d4       99%         5
 Enfeeble                 Hex            1%         N/A       100%        7

Inventory:

Missiles
 d - 49 stones
 i - 3 poisoned darts
Armour
 a - a +1 robe (melded)
Jewellery
 C - a ring of ice
   (You found it on level 2 of the Dungeon)
 S - a +6 ring of strength
   (You found it on level 4 of the Dungeon)
Scrolls
 c - 3 scrolls of teleportation {@r4}
 g - 3 scrolls of magic mapping {!r}
Potions
 b - a potion of lignification {!q}
 f - 2 potions of degeneration {!q}
 h - a potion of invisibility
 l - 2 potions of berserk rage {!q}
 n - a potion of might {unknown}

Dungeon Overview and Level Annotations

Branches:
Dungeon (4/15) Zot: 20220
 Temple: D:4-7

Altars:

Shops:
D:4 [

Annotations:
D:4 Blork the orc

#.....##.#.#..##
#.######........#'#....
#.........#.###........
.#####.......########...
....#..........# #...
...............# #...
...............######...
........................
......hs.............###
.......o###..........#
.............).......#
...............##....###
........................
.....................#.
...###.####..........#
... ......####......#
..... ..###......


You could see Blork the orc (resistant, extremely poisoned) and a jackal.


Message History

You kill the endoplasm! 😕 HP[-1]
You take 1 damage, and now have 37/44 hp.
Your transformation is almost over.
Your transformation has ended.
Your +1 robe unmelds from your body. 😕 HP[+3] MP[+1]
You regained 3 hp, and now have 40/44 hp.
You now have 223 gold pieces (gained 12).
d - 49 stones (gained 5)
You see here a +0 dagger.
Blork the orc comes into view.
He is wielding a +4 battleaxe.
Blork the orc shouts!
Blork the orc moves out of view. 😎 HP[+4] MP[+2]
Your hp is fully restored (44).
Your mp is fully restored (9).
Blork the orc is nearby!
Casting: Spider Form (dangerous; 17% risk of failure)
Confirm with . or Enter, or press ? or * to list all spells.
You turn into a venomous arachnid creature.
Your +1 robe melds into your body.
Blork the orc casts a spell at you. The puff of flame hits you!
Blork the orc drinks a potion.
Blork the orc suddenly seems more resistant. 😕 HP[-7] MP[-3]
You take 7 damage, and now have 37/44 hp.
You lost 3 mp, and now have 6/9 mp.
Aiming: Spit Poison (1% risk of failure)
Press: ? - help, Shift-Dir - straight line, f - Blork the orc
Aim: Blork the orc, wielding a +4 battleaxe and wearing a +0 robe (unusually resistant, 65% to hit)
The splash of poison misses Blork the orc.
A jackal comes into view.
Blork the orc points at you and mumbles some strange words.
The puff of frost hits you! 😮 HP[-11]
You take 11 damage, and now have 26/44 hp.
MASSIVE DAMAGE!! (PAUSE) Blork the orc misses you. 😮 HP[+1]
You hit Blork the orc. Blork the orc completely misses you.
Unknown command.
You hit Blork the orc but do no damage.
Blork the orc is poisoned.
Blork the orc barely misses you.
Unknown command.
You hit Blork the orc.
Your transformation is almost over.
The jackal bites you. Blork the orc completely misses you.
The jackal completely misses you. 😮 HP[-1]
You take 1 damage, and now have 26/44 hp.
You hit Blork the orc but do no damage.
You have got your breath back.
The jackal barely misses you. Blork the orc misses you. 😮 HP[+1]
You hit Blork the orc.
Blork the orc looks as sick as possible!
The jackal completely misses you.
Blork the orc gestures at you while chanting.
The magic dart hits you!
* * * LOW HITPOINT WARNING * * *
😨 HP[-9] MP[+1]
You take 9 damage, and now have 18/44 hp.
MASSIVE DAMAGE!! (PAUSE)
You hit Blork the orc. The jackal barely misses you. Blork the orc misses you.
The jackal bites you.
* * * LOW HITPOINT WARNING * * *
😨 HP[-2]
You take 2 damage, and now have 16/44 hp.
Unknown command.
You hit Blork the orc but do no damage.
Blork the orc looks as sick as possible!
The jackal closely misses you.
Blork the orc gestures at you while chanting.
The magic dart hits you!
* * * LOW HITPOINT WARNING * * *
😱 HP[-7]
You take 7 damage, and now have 9/44 hp.
Unknown command.
You barely miss Blork the orc. The jackal barely misses you.
Blork the orc casts a spell at you. The puff of frost hits you!
* * * LOW HITPOINT WARNING * * *
😱 HP[-7]
You take 7 damage, and now have 2/44 hp.
Unknown command.
You barely miss Blork the orc. The jackal completely misses you.
The jackal misses you. Blork the orc closely misses you.
Unknown command.
It was a potion of curing.
You feel better. The jackal misses you.
Blork the orc hits you with a +4 battleaxe!
* * * LOW HITPOINT WARNING * * *
😱 HP[+1] Unknown command.
Really quaff
b - a potion of lignification {!q}?
Okay, then.
You hit Blork the orc.
The jackal bites you but does no damage.
Blork the orc hits you with a +4 battleaxe!
You die...

Skill      XL: |  1  2  3  4 |
---------------+-------------+-----
Transmutations | 3 |  3.5
Poison Magic   | 1 2 |  2.6
Fighting       | |  1.0
Dodging        | |  1.5
Unarmed Combat | |  3.7
Spellcasting   | |  2.7

Action                     |  1- 3 |  4- 6 || total
---------------------------+-------+-------++-------
  Melee: Unarmed           |   104 |   134 ||   238
         Headbutt          |     6 |    10 ||    16
         Punch             |     1 |     3 ||     4
   Cast: Beastly Appendage |    19 |    14 ||    33
         Spider Form       |       |    10 ||    10
Ability: Spit Poison       |     9 |     6 ||    15
    Use: Scroll            |     3 |     4 ||     7
         Potion            |       |     1 ||     1
   Stab: Sleeping          |       |     1 ||     1
 Armour: Robe              |    28 |    17 ||    45
         Skin              |       |     3 ||     3
  Dodge: Dodged            |    51 |    77 ||   128

Levels and vault maps discovered:
D:1:      kb_arrival_jail, layout_basic,
          shapermc_ecumenical_altar_starsandcircs, minmay_pentomino_t4
D:2:      layout_loops_cross, nicolae_half_adder
D:3:      layout_basic, nrook_mini_backslash, minivault_14,
          hangedman_decor_riveting
D:4:      layout_basic, serial_shops, nicolae_shop_statue_plus,
          nicolae_shop_hallway_stairs, nicolae_take_the_stairs,
          uniq_blork_the_orc

Notes
Turn   | Place    | Note
-------+----------+-------------------------------------------
     0 | D:1      | kae the Naga Transmuter began the quest for the Orb.
     0 | D:1      | Reached XP level 1. HP: 18/18 MP: 3/3
     0 | D:1      | magus.rc [v1.11.3]
     2 | D:1      | Noticed a spriggan
     2 | D:1      | Noticed a vampire
     4 | D:1      | Noticed a tengu
     4 | D:1      | Noticed a troll
     6 | D:1      | Noticed a meteoran
     6 | D:1      | Noticed an ogre
     8 | D:1      | Noticed a merfolk
     8 | D:1      | Noticed a ghoul
    10 | D:1      | Noticed a draconian
    10 | D:1      | Noticed an elf
    12 | D:1      | Noticed a demonspawn
    12 | D:1      | Noticed a vine stalker
    14 | D:1      | Noticed an octopode
    14 | D:1      | Noticed a felid
    16 | D:1      | Noticed an armataur
    18 | D:1      | Noticed a demigod
    21 | D:1      | Noticed a gargoyle
    23 | D:1      | Noticed a formicid
    23 | D:1      | Noticed a human
    25 | D:1      | Noticed a demigod
    25 | D:1      | Noticed a naga
    27 | D:1      | Noticed a vine stalker
    27 | D:1      | Noticed an armataur
   245 | D:1      | Reached XP level 2. HP: 23/25 MP: 3/5
   413 | D:1      | Found a faded altar of an unknown god.
   484 | D:1      | HP: 6/25 [hobgoblin (5)]
   581 | D:1      | You pick up a book of Conjurations and begin reading...
   581 | D:1      | You add the spells Magic Dart, Searing Ray and Fulminant
                  | Prism to your library.
   605 | D:1      | You fall into a shaft and drop 1 floor!
   638 | D:2      | Reached XP level 3. HP: 10/31 MP: 6/6
   704 | D:2      | Learned a level 2 spell: Wereblood
   708 | D:2      | Learned a level 3 spell: Spider Form
   898 | D:1      | Reached skill level 3 in Transmutations
  1085 | D:1      | Reached skill level 1 in Poison Magic
  1301 | D:2      | Reached XP level 4. HP: 35/38 MP: 5/7
  1533 | D:2      | You pick up a book of Misfortune and begin reading...
  1533 | D:2      | You add the spells Yara's Violent Unravelling and Enfeeble
                  | to your library.
  1803 | D:2      | Reached skill level 2 in Poison Magic
  1924 | D:2      | You add the spells Sting, Poisonous Vapours and Olgreb's
                  | Toxic Radiance to your library.
  2428 | D:3      | Reached XP level 5. HP: 37/44 MP: 7/9
  2950 | D:4      | Found Daicigea's Armour Shoppe.
  3054 | D:4      | Noticed Blork the orc
  3067 | D:4      | HP: 9/44 [Blork the orc/magic dart (7)]
  3068 | D:4      | HP: 2/44 [Blork the orc/puff of frost (8)]
  3071 | D:4      | Slain by Blork the orc

Vanquished Creatures
  7 adders (D:2)
  A shadow imp (D:4)
  3 worms
  2 orcs
  4 bats
  6 endoplasms
  A giant cockroach (D:1)
  3 goblins
  7 hobgoblins
  10 kobolds
  4 quokkas
  3 ball pythons
  2 frilled lizards
  5 rats
58 creatures vanquished.

Table legend:
 A = Non-vault XP
 B = Vault XP
 C = Vault XP percentage of total XP
 D = Non-vault monster count
 E = Vault monster count
 F = Vault count percentage of total count
                 A         B        C        D         E       F
            +---------+---------+-------+---------+---------+-------
      Total |     169 |      31 |  15.5 |      54 |       4 |   6.9
            +---------+---------+-------+---------+---------+-------
        D:1 |      33 |       4 |  10.8 |      20 |       2 |   9.1
        D:2 |      88 |      27 |  23.5 |      16 |       2 |  11.1
        D:3 |      24 |       0 |   0.0 |      10 |       0 |   0.0
        D:4 |      24 |       0 |   0.0 |       8 |       0 |   0.0
            +---------+---------+-------+---------+---------+-------

Illustrated notes

Table legend:
 A = Kills in this place as a percentage of kills in the entire game.
 B = Kills by you in this place as a percentage of kills by you in the entire game.
 C = Kills by friends in this place as a percentage of kills by friends in the entire game.
 D = Other kills in this place as a percentage of other kills in the entire game.
 E = Experience gained in this place as a percentage of experience gained in the entire game.
 F = Experience gained in this place divided by the number of levels of this place that you have seen.
                   A       B       C       D       E      F
               +-------+-------+-------+-------+-------+----------------------
         Total | 100.0 | 100.0 |   N/A |   N/A | 100.0 |  50.0
       Dungeon | 100.0 | 100.0 |   N/A |   N/A | 100.0 |  50.0
               +-------+-------+-------+-------+-------+----------------------

Table legend: (Time is in decaauts)
 A = Elapsed time spent in this place.
 B = Non-inter-level travel time spent in this place.
 C = Inter-level travel time spent in this place.
 D = Time resting spent in this place.
 E = Time spent auto-exploring this place.
 F = Levels seen in this place.
 G = Mean time per level.
                   A        B        C        D        E       F      G
               +--------+--------+--------+--------+--------+-----+--------+
         Total |   3778 |   3721 |     57 |    187 |   2929 |   4 |  944.5 |
       Dungeon |   3778 |   3721 |     57 |    187 |   2929 |   4 |  944.5 |
               +--------+--------+--------+--------+--------+-----+--------+

Top non-repeatable levels by time:
     D:2: 1349 daAuts
     D:1: 1214 daAuts
     D:3: 855 daAuts
     D:4: 358 daAuts
